 Dungeon Crawl Stone Soup version 0.27.1-2-g3b301248ec (webtiles) character file.

Game seed: 16878966560222172798

37310 Borgoz the Basher (level 13, -1/87 HPs)
             Began as a Gargoyle Berserker on Sept 27, 2021.
             Was an Elder of Trog.
             Slain by a flying skull (6 damage)
             ... in a Gauntlet.
             The game lasted 00:29:54 (15779 turns).

Borgoz the Basher (Gargoyle Berserker)             Turns: 15779, Time: 00:29:54

Health: -1/87      AC: 40    Str: 23    XL:     13   Next: 95%
Magic:  13/13      EV: 13    Int: 12    God:    Trog [****..]
Gold:   781        SH:  0    Dex: 10    Spells: 12/12 levels left

rFire    . . .     SeeInvis .   a - +2 dire flail (drain)
rCold    . . .     Faith    .   (shield currently unavailable)
rNeg     + + .     Spirit   .   G - +10 plate armour "Mozavonypt" {Harm Fly Str-2 Stlth+}
rPois    ∞         Reflect  .   F - +0 helmet
rElec    +         Harm     +   I - +0 cloak
rCorr    .         Rampage  .   c - +1 pair of gloves
Will     ++++.     Clarity  +   (no boots) Stlth ..........NoTele +
                                d - amulet of the Four Winds {rN+ Will+++ Clar}
HPRegen  0.24/turn              e - +4 ring of evasion
MPRegen  0.13/turn              y - ring of Dukk {Fly Will+ Int+4}

@: on berserk cooldown, flying, slowed, very slow
A: sickness immunity, AC +9, negative energy resistance 1, electricity
resistance, torment resistance 1, petrification resistance
a: Renounce Religion, Berserk, Trog's Hand, Brothers in Arms


You were in a Gauntlet.
You worshipped Trog.
Trog was greatly pleased with you.
You visited 1 branch of the dungeon, and saw 12 of its levels.
You also visited: Bailey and Gauntlet.

You collected 781 gold pieces.

Inventory:

Hand Weapons
 a - a +2 dire flail of draining (weapon)
 n - a +1 mace of protection
Armour
 c - a +1 pair of gloves (worn)
 g - a +1 chain mail of cold resistance
 j - +0 acid dragon scales
 l - a +0 buckler
 s - the +2 robe "Nolak" {Int-5 Dex+4}
   (You found it on level 8 of the Dungeon)

   Int:       It affects your intelligence (-5).
   Dex:       It affects your dexterity (+4).
 F - a +0 helmet (worn)
 G - the +10 plate armour "Mozavonypt" (worn) {Harm Fly Str-2 Stlth+}
   (You found it on level 10 of the Dungeon)

   Str:       It affects your strength (-2).
   Fly:       It grants you flight.
   Harm:      It increases damage dealt and taken.
   Stlth:     It makes you more stealthy.
 I - a +0 cloak (worn)
Jewellery
 d - the amulet of the Four Winds (around neck) {rN+ Will+++ Clar}
   (You found it in a Gauntlet)

   [amulet of nothing]

   rN:        It protects you from negative energy.
   Clar:      It protects you against confusion.
   Will:      It greatly increases your willpower.
 e - a +4 ring of evasion (left hand)
 o - a ring of willpower
 q - an amulet of regeneration
 r - an amulet of guardian spirit
 t - a ring of fire
 y - the ring of Dukk (right hand) {Fly Will+ Int+4}
   (You acquired it in a bailey)

   [ring of flight]

   Int:       It affects your intelligence (+4).
   Fly:       It grants you flight.
   Will:      It increases your willpower.
 A - a ring of positive energy
Wands
 k - a wand of flame (50)
 B - a wand of iceblast (23)
 C - a wand of digging (7)
Scrolls
 f - a scroll of blinking
 i - 3 scrolls of magic mapping
 m - 3 scrolls of brand weapon
 p - 3 scrolls of fear
 x - a scroll of fog
 D - a scroll of enchant weapon
Potions
 b - 2 potions of cancellation {unknown}
 h - 4 potions of flight
 u - a potion of attraction {unknown}
 v - 2 potions of haste {unknown}
 z - a potion of magic {unknown}
 E - a potion of mutation {unknown}
 H - a potion of degeneration {unknown}


   Skills:
 + Level 12.3 Fighting
 * Level 12.7 Maces & Flails
 + Level 12.1 Armour
 + Level 8.5 Dodging
 - Level 4.0 Shields
 - Level 5.0 Evocations


You had 12 spell levels left.
You didn't know any spells.
Your spell library was empty.

Dungeon Overview and Level Annotations

Branches:
Dungeon (12/15)            Temple (0/1) D:4            Lair (0/6) D:10
    Orc (0/2) D:12         Bailey (visited)         Gauntlet (1/1)

Altars:
Cheibriados
Elyvilon
Makhleb
Zin

Shops:
D:5 (   D:7 =   D:8 [

Annotations:
Gauntlet 13 transporters, 21 runed translucent doors


Innate Abilities, Weirdness & Mutations

You are immune to sickness and miasma.
Your stone body is resilient. (AC +9)
You are immune to poison.
You resist negative energy. (rN+)
You are resistant to electric shocks. (rElec)
You are resistant to unholy torment.
You are immune to petrification.


Message History

The flying skull hits you but does no damage.
You miss the flying skull.
The flying skull hits you but does no damage.
You barely miss the flying skull.
The flying skull hits you but does no damage.
The flying skull hits you.
* * * LOW HITPOINT WARNING * * *
The flying skull hits you but does no damage.
You closely miss the flying skull. The flying skull hits you.
* * * LOW HITPOINT WARNING * * *
The flying skull hits you but does no damage.
You bludgeon the flying skull!!
You destroy the flying skull!
Trog accepts your kill. The flying skull closely misses you.
You miss the flying skull.
You are no longer berserk.
You are exhausted.
You feel yourself slow down. The flying skull barely misses you.
The flying skull hits you but does no damage.
You closely miss the flying skull. The flying skull closely misses you.
The flying skull hits you.
* * * LOW HITPOINT WARNING * * *
Okay, then.
Okay, then.
Blink to where?
Press: ? - help, Dir - move target
As you read the scroll of blinking, it crumbles to dust.
Okay, then.
Okay, then.
Okay, then.
Okay, then.
Okay, then.
Press: ? - help, v - describe, . - travel
Here: a flying skull The floor.
As you read the scroll of summoning, it crumbles to dust.
Wisps of shadow whirl around you... The flying skull hits your yak.
The flying skull hits you.
You die...

#####.###.###.## #≈..............
# ### ### ### ####8..©.©.©.©.©.©.
# #8# #8# #8# #8##≈..............
#################################
.........................§∩≈.....
.................................
##.###########.###########.######
.#.#sy".©$).s#.#@l3[©"?..#.#xX=!©
.#.#s.##.##..#.#zYY.Y....#.#XX...
.#.#.##...##.#.#..z......#.#x####
.#.#.#.....#s#.#...Y.....#.#x#.#.
.#.#....©....#.#....©....#.#....©
.#.#.#.....#.#.#.........#.##.#X#
.#.#.##...##.#.#.........#.#.####
.#.#..##.##..#.#.........#.#X....
J#.#.......ss#.#.........#.#Xx...


You could see 2 redbacks, 2 flying skulls, a friendly komodo dragon (summoned),
4 friendly yaks and a friendly sixfirhy (summoned).

Vanquished Creatures
  An orc warlord (Bailey)
  3 hydras
  A boulder beetle (D:11)
  3 two-headed ogres
  2 tengu warriors
  A manticore (D:10)
  A deep elf pyromancer (D:10)
  2 ugly things (D:7)
  2 cyclopes
  An elephant (Gauntlet)
  An unseen horror (D:11)
  3 tengu conjurers
  A kobold demonologist (D:10)
  2 trolls (D:10)
  3 slime creatures (D:12)
  A shadow (D:11)
  12 flying skulls (Gauntlet)
  15 yaks
  2 wyverns
  A vampire (D:10)
  4 vampire mosquitoes
  3 acid dragons
  2 water moccasins
  6 orc warriors
  An ice beast (D:7)
  A sky beast (D:7)
  3 black bears
  8 ogres
  A necrophage (D:5)
  11 centaurs
  6 kobold brigands
  4 bullfrogs
  2 wyvern zombies (D:7)
  3 gnoll sergeants
  3 scorpions
  3 water moccasin zombies
  A water moccasin skeleton (D:4)
  16 killer bees
  5 wights
  9 howler monkeys
  3 centaur zombies
  A bullfrog zombie (D:6)
  8 hounds
  2 jellies
  4 centaur skeletons
  2 gnoll shamans
  11 orc priests
  Terence (D:3)
  3 iguanas
  17 orc wizards
  21 gnolls
  10 adders
  A white imp (D:6)
  An ufetubus (D:6)
  4 worms
  4 dart slugs
  25 orcs
  6 ball pythons
  5 endoplasms
  2 giant cockroaches (D:4)
  10 goblins
  4 hobgoblins
  9 jackals
  36 kobolds
  4 quokkas
  3 bats
  2 frilled lizards
  5 rats
354 creatures vanquished.

Vanquished Creatures (collateral kills)
  A centaur warrior (D:10)
  A death knight (D:10)
  An orc knight (Bailey)
  5 elephants (Gauntlet)
  A gargoyle (D:11)
  A torpor snail (Gauntlet)
  A vampire mosquito (D:12)
  2 kobold brigands (D:10)
  A killer bee (D:10)
  An orc wizard (D:10)
  A goblin (Bailey)
  3 kobolds (Bailey)
19 creatures vanquished.

Vanquished Creatures (others)
  2 demonic plants (Gauntlet)
  2 plants (D:8)
4 creatures vanquished.

Grand Total: 377 creatures vanquished

Notes
Turn   | Place    | Note
-------+----------+-------------------------------------------
     0 | D:1      | Borgoz the Gargoyle Berserker began the quest for the Orb.
     0 | D:1      | Reached XP level 1. HP: 14/14 MP: 1/1
   399 | D:1      | Reached XP level 2. HP: 15/19 MP: 2/2
   682 | D:1      | Found a faded altar of an unknown god.
   683 | D:1      | Noticed a golden eye
   711 | D:1      | Noticed a floating eye
   711 | D:1      | Noticed a floating eye
   711 | D:1      | Noticed a great orb of eyes
   983 | D:2      | Reached XP level 3. HP: 9/24 MP: 3/3
  1214 | D:2      | Found a snail-covered altar of Cheibriados.
  1536 | D:2      | Reached ** piety under Trog
  1783 | D:2      | Reached XP level 4. HP: 27/29 MP: 4/4
  2429 | D:3      | Noticed Terence
  2453 | D:3      | Killed Terence
  2454 | D:3      | Reached XP level 5. HP: 33/33 MP: 5/5
  3171 | D:4      | Found a staircase to the Ecumenical Temple.
  3277 | D:4      | Reached XP level 6. HP: 24/39 MP: 6/6
  3750 | D:4      | Reached skill level 5 in Fighting
  3750 | D:4      | Reached skill level 1 in Evocations
  3795 | D:4      | HP: 2/40 [killer bee (3)]
  3806 | D:3      | Reached XP level 7. HP: 10/44 MP: 7/7
  4102 | D:4      | Reached skill level 5 in Maces & Flails
  4696 | D:5      | Entered Level 5 of the Dungeon
  4851 | D:5      | Reached skill level 5 in Armour
  4868 | D:5      | Reached XP level 8. HP: 26/51 MP: 8/8
  5016 | D:5      | Found a glowing silver altar of Zin.
  5167 | D:5      | Found Pudgh's Weapon Shoppe.
  5354 | D:5      | Reached *** piety under Trog
  5469 | D:5      | Found a white marble altar of Elyvilon.
  5959 | D:6      | Found a burning altar of Makhleb.
  6376 | D:6      | Reached XP level 9. HP: 56/57 MP: 9/9
  7061 | D:7      | Found Ibaic's Jewellery Shop.
  7447 | D:7      | Noticed a two-headed ogre
  7457 | D:7      | Killed a two-headed ogre
  7458 | D:7      | Reached skill level 1 in Shields
  7782 | D:7      | Reached XP level 10. HP: 64/64 MP: 10/10
  7787 | D:7      | Reached **** piety under Trog
  8122 | D:7      | Noticed a purple ugly thing
  8122 | D:7      | Noticed a tengu warrior
  8144 | D:7      | Killed a tengu warrior
  8147 | D:7      | Noticed a green ugly thing
  8157 | D:7      | Killed a white ugly thing
  8171 | D:7      | Killed a white ugly thing
  8907 | D:8      | Identified the +2 robe "Nolak" {Int-5 Dex+4}
  9213 | D:8      | Noticed a two-headed ogre
  9289 | D:8      | Reached XP level 11. HP: 71/71 MP: 11/11
  9527 | D:8      | Found Joichiub's Armour Boutique.
  9771 | D:8      | Reached skill level 5 in Dodging
  9820 | D:8      | Killed a two-headed ogre
  9899 | D:8      | Reached ***** piety under Trog
  9978 | D:8      | Received a gift from Trog
 10298 | D:8      | Reached skill level 5 in Evocations
 10731 | D:9      | Reached skill level 10 in Fighting
 11376 | D:10     | Entered Level 10 of the Dungeon
 11564 | D:10     | Found a flagged portal.
 11578 | Bailey   | Entered a bailey
 11583 | Bailey   | Noticed an orc warlord
 11627 | Bailey   | Noticed an orc knight
 11668 | Bailey   | Killed an orc knight
 11669 | Bailey   | Reached skill level 10 in Armour
 11702 | Bailey   | Found a runed translucent gate.
 11704 | Bailey   | Found a runed translucent gate.
 11705 | Bailey   | Found a runed translucent gate.
 12038 | Bailey   | Killed an orc warlord
 12060 | Bailey   | Reached XP level 12. HP: 78/78 MP: 12/12
 12064 | Bailey   | Acquired the ring of Dukk {Fly Will+ Int+4}
 12407 | D:10     | Reached XP level 13. HP: 68/84 MP: 13/13
 12997 | D:10     | Found a staircase to the Lair.
 14810 | D:10     | Identified the +10 plate armour "Mozavonypt" {Harm Fly
                  | Str-2 Stlth+}
 15079 | D:12     | Found a gate leading to a gauntlet.
 15136 | Gauntlet | Entered a Gauntlet
 15136 | Gauntlet | Found a transporter.
 15137 | Gauntlet | Found a large runed translucent door.
 15138 | Gauntlet | Found a large runed translucent door.
 15139 | Gauntlet | Found a large runed translucent door.
 15139 | Gauntlet | Found a large runed translucent door.
 15139 | Gauntlet | Found a runed translucent door.
 15140 | Gauntlet | Found a large runed translucent door.
 15141 | Gauntlet | Found a large runed translucent door.
 15142 | Gauntlet | Found a large runed translucent door.
 15142 | Gauntlet | Found a large runed translucent door.
 15143 | Gauntlet | Found a runed translucent gate.
 15143 | Gauntlet | Found a runed translucent gate.
 15145 | Gauntlet | Found a transporter.
 15153 | Gauntlet | Found a runed translucent gate.
 15153 | Gauntlet | Found a runed translucent door.
 15154 | Gauntlet | Found a large runed translucent door.
 15154 | Gauntlet | Found a large runed translucent door.
 15155 | Gauntlet | Found a large runed translucent door.
 15156 | Gauntlet | Found a large runed translucent door.
 15160 | Gauntlet | Found a transporter.
 15165 | Gauntlet | Found a transporter.
 15187 | Gauntlet | Found a transporter.
 15201 | Gauntlet | Found a transporter.
 15213 | Gauntlet | Found a transporter.
 15225 | Gauntlet | Found a transporter.
 15237 | Gauntlet | Found a transporter.
 15245 | Gauntlet | Noticed a quicksilver ooze
 15249 | Gauntlet | Found a transporter.
 15268 | Gauntlet | Found a transporter.
 15283 | Gauntlet | Found a transporter.
 15285 | Gauntlet | Found a transporter.
 15285 | Gauntlet | Found the amulet of the Four Winds {rN+ Will+++ Clar}
 15310 | Gauntlet | Found a transporter.
 15312 | Gauntlet | Found a transporter.
 15328 | Gauntlet | Found a large runed translucent door.
 15328 | Gauntlet | Found a large runed translucent door.
 15329 | Gauntlet | Found a large runed translucent door.
 15330 | Gauntlet | Found a large runed translucent door.
 15332 | Gauntlet | Found a transporter.
 15410 | Gauntlet | Found a transporter.
 15430 | Gauntlet | Found a transporter.
 15777 | Gauntlet | HP: 4/87 [flying skull (7)]
 15779 | Gauntlet | Slain by a flying skull

Illustrated notes

Levels and vault maps discovered:
D:1:      dpeg_arrival_more_subterranean_lakeside_camping, layout_loops_ring,
          hellmonk_ecumenical_altar_watching_god
D:2:      layout_basic, basic_altar
D:3:      layout_loops_ring, minmay_statues_item, uniq_terence
D:4:      layout_loops_ring, minmay_temple_entry_large_hall, st_stairs_12
D:5:      layout_rooms, serial_shops, nicolae_shop_trees,
          hangedman_feature_mirror, kennysheep_generic_room_3
D:6:      layout_layer_cave, kennysheep_mini
D:7:      nzn_winding_woodlands_three_and_one
          [nzn_winding_woodlands_5x15_concentric,
          nzn_winding_woodlands_5x15_sidewinder,
          nzn_winding_woodlands_5x15_longhouse,
          nzn_winding_woodlands_center_triple_pond], layout_rooms, serial_shops,
          nicolae_stop_n_shop_1, serial_bayou_pond_e
D:8:      lemuel_castle_with_subvaults [lemuel_castle_interior_carwin_1],
          layout_basic, serial_shops, shop, kennysheep_generic_room_6
D:9:      layout_loops_corners
D:10:     cheibrodos_elevator_heist, layout_layer_cave, lair_entry_dummy,
          enter_bailey_3, minmay_pinched_square
D:11:     layout_cave_pods
D:12:     layout_layer_cave, orc_0_dummy, gauntlet_entry_generic, serial_shops,
          kennysheep_mini_moat, minmay_between
Gauntlet: gammafunk_gauntlet_one_two_three [nicolae_gauntlet_arena_flowing_pool,
          nicolae_gauntlet_swirl, minmay_gauntlet_arena_make_your_own_arena,
          gammafunk_gauntlet_arena_corners,
          gammafunk_gauntlet_arena_split_diamond, gammafunk_gauntlet_arena_open,
          gammafunk_gauntlet_arena_teeth, gammafunk_gauntlet_arena_mazey,
          gammafunk_gauntlet_arena_chambers, gauntlet_exit_hidden_loot]

Skill      XL: |  1  2  3  4  5  6  7  8  9 10 11 12 13 |
---------------+----------------------------------------+-----
Fighting       | 4 5 7 8 9 10 12 | 12.3
Armour         | 3 4 5 6 7 9 10 12 | 12.1
Dodging        | 2 3 4 7 8 |  8.5
Maces & Flails | 4 5 6 7 8 11 12 | 12.7
Evocations     | 1 2 3 4 5 |  5.0
Shields        | 2 4 |  4.0

Action                   |  1- 3 |  4- 6 |  7- 9 | 10-12 | 13-15 || total
-------------------------+-------+-------+-------+-------+-------++-------
Melee: Mace              |   103 |   178 |   417 |   794 |   410 ||  1902
       Dire flail        |       |       |       |       |    55 ||    55
Invok: Berserk           |     1 |     6 |    10 |    16 |    12 ||    45
       Trog's Hand       |       |     3 |     1 |     6 |     5 ||    15
       Brothers in Arms  |       |       |       |     1 |     5 ||     6
Evoke: Wand              |       |       |     2 |    12 |     3 ||    17
  Use: Scroll            |     4 |     6 |     2 |     7 |     8 ||    27
       Potion            |       |       |       |     2 |     6 ||     8
 Stab: Sleeping          |     1 |       |       |       |       ||     1
       Distracted        |     1 |       |       |     1 |     1 ||     3
Armor: Animal skin       |    55 |     9 |       |       |       ||    64
       Chain mail        |       |   119 |   359 |   329 |   237 ||  1044
       Plate armour      |       |       |       |       |   318 ||   318
Dodge: Dodged            |    91 |   108 |   366 |   502 |   508 ||  1575
Block: Buckler           |       |       |    33 |   162 |   151 ||   346
